 Dungeon Crawl Stone Soup version 0.27.1-34-g3ba077fa99 (webtiles) character file.

Game seed: 8258532070647282036

2186 chmiii the Spear-Bearer (level 9, 0/71 HPs)
             Began as a Merfolk Gladiator on Jan 23, 2022.
             Killed from afar by a white imp (6 damage)
             ... with a puff of frost
             ... on level 6 of the Dungeon.
             The game lasted 00:35:26 (8204 turns).

chmiii the Spear-Bearer (Merfolk Gladiator)         Turns: 8204, Time: 00:35:27

Health: 0/71       AC:  4    Str: 17    XL:     9   Next: 33%
Magic:  0/9        EV: 16    Int:  7    God:
Gold:   313        SH:  0    Dex: 16    Spells: 8/8 levels left

rFire    . . .     SeeInvis .   a - +0 trident
rCold    . . .     Faith    .   (no shield)
rNeg     . . .     Spirit   +   j - +0 leather armour
rPois    .         Reflect  .   c - +0 helmet
rElec    +         Harm     .   (no cloak)
rCorr    .         Rampage  .   (no gloves)
Will     +....                  (no boots)
Stlth    ++........             O - amulet of guardian spirit
HPRegen  0.21/turn              D - ring of willpower
MPRegen  0.11/turn              (no ring)

@: no status effects
A: (nimble swimmer 2), mertail, electricity resistance
a: no special abilities


You were on level 6 of the Dungeon.
You visited 1 branch of the dungeon, and saw 6 of its levels.

You collected 313 gold pieces.

Inventory:

Hand Weapons
 a - a +0 trident (weapon)
 b - a +0 hunting sling
 k - a +0 trident
 x - a +0 trident
 N - a +0 trident
Missiles
 d - 2 throwing nets (quivered)
 g - 224 stones
 p - 24 sling bullets
 P - 3 javelins
Armour
 c - a +0 helmet (worn)
 j - a +0 leather armour (worn)
 l - a +0 animal skin
 m - a +0 helmet
 o - a +0 leather armour
 s - a +0 scale mail
 w - a +0 leather armour
 y - a +0 leather armour
 z - a +0 ring mail
 C - a +0 ring mail
 E - a +0 helmet
 G - a +0 leather armour
 I - a +0 ring mail
 J - a +0 leather armour
 K - a +0 leather armour
 L - a +0 leather armour
 M - a +0 ring mail
 Q - a +0 scale mail
Magical Staves
 r - a staff of poison
Jewellery
 A - a ring of fire
 D - a ring of willpower (left hand)
 O - an amulet of guardian spirit (around neck)
Wands
 R - a wand of flame (10)
Scrolls
 f - a scroll of magic mapping {unknown}
 i - 2 scrolls of immolation {unknown}
 n - a scroll of vulnerability {unknown}
 q - a scroll of holy word {unknown}
 t - 5 scrolls of identify {unknown}
 u - a scroll of enchant armour {unknown}
 v - a scroll of noise {unknown}
 B - a scroll of blinking {unknown}
Potions
 e - 2 potions of degeneration {unknown}
 h - 5 potions of curing {unknown}


   Skills:
 + Level 6.8 Fighting
 * Level 12.4 Polearms
 - Level 2.0 Throwing
 + Level 8.8 Dodging
 - Level 2.1 Stealth


You had 8 spell levels left.
You didn't know any spells.
Your spell library contained the following spells:

 Spells                   Type           Power      Damage    Failure   Level
 Gell's Gravitas          Tloc           0%         N/A       86%         3
 Inner Flame              Hex/Fire       0%         N/A       86%         3
 Lesser Beckoning         Tloc           0%         N/A       86%         3
 Teleport Other           Tloc           0%         N/A       86%         3
 Cause Fear               Hex            0%         N/A       99%         4
 Discord                  Hex            0%         N/A       100%        8


Dungeon Overview and Level Annotations

Branches:
Dungeon (6/15)
 Temple: D:4-7

Altars:
Cheibriados
Elyvilon
Ru
Uskayaw
Vehumet
Xom
Zin

Shops:
D:1 :

Annotations:
D:2 1 runed translucent door, Crazy Yiuf


Innate Abilities, Weirdness & Mutations

((You are quick and stealthy near water. (Stealth+, EV+, Speed+++)))
Your lower body shifts to a powerful aquatic tail in water.
You are resistant to electric shocks. (rElec)


Message History

You barely miss the vampire mosquito.
The vampire mosquito is moderately damaged.
The vampire mosquito misses you.
You hit the vampire mosquito.
The vampire mosquito is heavily damaged.
The vampire mosquito closely misses you. x2
You miss the vampire mosquito.
The vampire mosquito is heavily damaged.
The vampire mosquito bites you!
* * * LOW HITPOINT WARNING * * *
The vampire mosquito draws strength from your injuries!
The white imp gestures at you. The puff of frost hits you!
* * * LOW HITPOINT WARNING * * *
You barely miss the vampire mosquito.
The vampire mosquito is moderately damaged.
The vampire mosquito misses you.
You hit the vampire mosquito.
The vampire mosquito is moderately damaged.
The vampire mosquito misses you.
As you read the scroll labelled HIMINAOPHA, it crumbles to dust.
The scroll dissolves into smoke.
It was a scroll of fog.
The vampire mosquito closely misses you.
The vampire mosquito barely misses you. The white imp hits you.
* * * LOW HITPOINT WARNING * * *
The white imp freezes you.
* * * LOW HITPOINT WARNING * * *
The vampire mosquito closely misses you.
The white imp closely misses you. The vampire mosquito misses you.
The vampire mosquito bites you.
* * * LOW HITPOINT WARNING * * *
The vampire mosquito draws strength from your injuries!
It was a potion of mutation.
You feel extremely strange.
You feel insulated. The vampire mosquito barely misses you.
The vampire mosquito closely misses you.
The white imp gestures at you. The puff of frost hits you.
You die...

####.##..........................
...#.###.........................
......##.........#...............
......###.......##..##...........
.......†÷.......##§§§#...........
.......###...####§§§§§†..........
.........##..##.§5§§##...........
..##.........##§§y####...........
........#.#....§@§§##............
...............§§§...............
..P.PP..####.._..####..P.P......>
.................................
..#..###.##...#.#####............
......#......#...# ##...........
...#.......####.##
..##...#.....#..#
.###...#.....#..+


You could see a vampire mosquito and a white imp.

Vanquished Creatures
  Grinder (D:4)
  A wraith (D:4)
  Sigmund (D:3)
  A water moccasin (D:6)
  A black bear (D:4)
  3 ogres
  2 phantoms (D:5)
  A scorpion (D:4)
  A water moccasin zombie (D:5)
  2 killer bees (D:6)
  A water moccasin skeleton (D:6)
  A bullfrog zombie (D:6)
  A crimson imp (D:4)
  An orc priest (D:4)
  5 hounds
  A gnoll shaman (D:4)
  3 jellies (D:6)
  A centaur skeleton (D:6)
  Jessica (D:2)
  A scorpion zombie (D:5)
  Terence (D:3)
  An orc wizard (D:5)
  2 iguanas
  2 hound skeletons (D:4)
  Robin (D:2)
  7 adders
  4 gnolls
  A shadow imp (D:6)
  3 white imps
  2 ufetubi (D:4)
  3 adder skeletons
  4 worms
  2 dart slugs
  19 orcs
  6 ball pythons
  5 endoplasms
  3 giant cockroaches (D:4)
  8 hobgoblins
  4 kobolds
  3 quokkas
  6 bats
  4 frilled lizards
  11 goblins
  4 rats
136 creatures vanquished.

Vanquished Creatures (others)
  3 fungi (D:4)
  3 plants (D:6)
6 creatures vanquished.

Grand Total: 142 creatures vanquished

Notes
Turn   | Place    | Note
-------+----------+-------------------------------------------
     0 | D:1      | chmiii the Merfolk Gladiator began the quest for the Orb.
     0 | D:1      | Reached XP level 1. HP: 16/16 MP: 1/1
   365 | D:1      | Found Locrocov's Book Boutique.
   372 | D:1      | Reached XP level 2. HP: 23/23 MP: 2/2
   476 | D:1      | Reached skill level 5 in Polearms
   535 | D:1      | Found a faded altar of an unknown god.
   960 | D:2      | Noticed Robin
   969 | D:1      | Reached XP level 3. HP: 16/28 MP: 3/3
  1329 | D:2      | Killed Robin
  1747 | D:2      | Found a runed translucent door.
  1748 | D:2      | Noticed Crazy Yiuf
  1895 | D:2      | Reached XP level 4. HP: 27/35 MP: 4/4
  2305 | D:2      | Reached skill level 6 in Polearms
  2429 | D:2      | Noticed Jessica
  2435 | D:2      | Killed Jessica
  2699 | D:3      | Noticed Terence
  2704 | D:3      | Killed Terence
  2705 | D:3      | Reached skill level 5 in Dodging
  2705 | D:3      | Reached XP level 5. HP: 33/41 MP: 5/5
  3010 | D:3      | Found a snail-covered altar of Cheibriados.
  3063 | D:3      | Noticed Sigmund
  3232 | D:3      | Killed Sigmund
  3233 | D:3      | Reached skill level 7 in Polearms
  3233 | D:3      | Reached skill level 1 in Stealth
  3233 | D:3      | Reached XP level 6. HP: 46/48 MP: 6/6
  3273 | D:3      | Found a shimmering altar of Xom.
  3413 | D:3      | Found a glowing silver altar of Zin.
  3689 | D:4      | Found a sacrificial altar of Ru.
  3806 | D:4      | Reached skill level 8 in Polearms
  4013 | D:4      | Reached XP level 7. HP: 29/55 MP: 7/7
  4453 | D:4      | Reached skill level 9 in Polearms
  4761 | D:4      | Noticed Grinder
  4800 | D:4      | Killed Grinder
  4801 | D:4      | Reached skill level 5 in Fighting
  4801 | D:4      | Reached XP level 8. HP: 44/62 MP: 8/8
  5363 | D:4      | Reached skill level 10 in Polearms
  5429 | D:5      | Entered Level 5 of the Dungeon
  5429 | D:5      | Noticed a wraith
  5759 | D:4      | Killed a wraith
  6565 | D:5      | Reached skill level 11 in Polearms
  6931 | D:5      | Reached XP level 9. HP: 42/70 MP: 9/9
  7156 | D:5      | Found a hide-covered altar of Uskayaw.
  7156 | D:5      | Found a radiant altar of Vehumet.
  7442 | D:6      | Found a white marble altar of Elyvilon.
  7573 | D:6      | Reached skill level 12 in Polearms
  8204 | D:6      | Gained mutation: You are resistant to electric shocks.
                  | (rElec) [potion of mutation]
  8204 | D:6      | Killed from afar by a white imp

Illustrated notes

Levels and vault maps discovered:
D:1:      scummos_arrival_checkerplants, layout_loops_ring, serial_shops,
          nicolae_lakefront_shop, shapermc_ecumenical_altar_totnotflames,
          chequers_garden
D:2:      minmay_evil_eye, layout_loops_ring, uniq_robin,
          uniq_crazy_yiuf_cottage, uniq_jessica
D:3:      layout_basic, overflow_temple_1_default, zin_statuary,
          lemuel_doored_altar, kennysheep_generic_room_14, uniq_sigmund,
          uniq_terence
D:4:      layout_loops_ring, mainiacjoe_overflow_alcove_4,
          minmay_fire_ice_demons, uniq_grinder
D:5:      layout_rooms, gammafunk_temple_overflow_statue
D:6:      layout_cave_pools, nzn_wu_jian_contemplation,
          mainiacjoe_overflow_boulevard, minmay_temple_entry_enclosed_plants,
          minmay_circle_x

Skill      XL: |  1  2  3  4  5  6  7  8  9 |
---------------+----------------------------+-----
Polearms       | 5 6 7 8 9 11 12 | 12.4
Fighting       | 3 4 5 6 |  6.8
Dodging        | 5 6 8 |  8.8
Stealth        | 1 2 |  2.1
Throwing       | |  2.0

Action                   |  1- 3 |  4- 6 |  7- 9 || total
-------------------------+-------+-------+-------++-------
Melee: Trident           |   127 |    58 |   233 ||   418
 Fire: Hunting sling     |    19 |   106 |   199 ||   324
Throw: Throwing net      |       |     2 |     1 ||     3
  Use: Potion            |       |       |     2 ||     2
       Scroll            |       |       |     1 ||     1
 Stab: Sleeping          |     1 |     1 |     2 ||     4
Armor: Leather armour    |    34 |     8 |    68 ||   110
Dodge: Dodged            |    94 |    36 |   281 ||   411
